 Dungeon Crawl Stone Soup version 0.30.1-9-gdf580d7c3d (webtiles) character file.

Game seed: 9439034198706964755

139 lonewolfV2 the Trooper (level 5, -4/48 HPs)
             Began as a Minotaur Fighter on Oct 23, 2023.
             Killed by nerve-wracking pain
             ... invoked by an orc priest
              (10 damage)
             ... on level 4 of the Dungeon.
             The game lasted 00:03:48 (2267 turns).

lonewolfV2 the Trooper (Minotaur Fighter)           Turns: 2267, Time: 00:03:48

Health: -4/48      AC: 10    Str: 29    XL:     5   Next: 1%
Magic:  0/4        EV:  8    Int:  5    God:
Gold:   157        SH:  4    Dex:  9    Spells: 4/4 levels left

rFire   . . .        a - +0 war axe
rCold   . . .        c - +0 buckler
rNeg    . . .        n - +0 chain mail
rPois   .            (helmet restricted)
rElec   .            q - +0 cloak
rCorr   .            (no gloves)
SInv    .            (no boots)
Will    .....        f - amulet of guardian spirit Stlth
                     g - +6 ring of strength
HPRegen 0.28/turn    (no ring)
MPRegen 0.09/turn

%: guardian spirit
@: no status effects
A: horns 2, retaliatory headbutt
a: no special abilities


You were on level 4 of the Dungeon.
You visited 1 branch of the dungeon, and saw 4 of its levels.

You collected 157 gold pieces.

Inventory:

Hand Weapons
 a - a +0 war axe (weapon)
Armour
 b - a +0 scale mail
 c - a +0 buckler (worn)
 n - a +0 chain mail (worn)
 q - a +0 cloak (worn)
Jewellery
 f - an amulet of guardian spirit (around neck)
 g - a +6 ring of strength (left hand)
Wands
 d - a wand of flame (9)
Scrolls
 m - a scroll of magic mapping
 s - a scroll of teleportation
Potions
 e - 3 potions of lignification
 h - a potion of haste
 i - a potion of mutation
 j - a potion of resistance
 l - a potion of flight
 p - a potion of magic {unknown}
 r - a potion of berserk rage {unknown}
 t - a potion of curing {unknown}


   Skills:
 + Level 5.5 Fighting
 + Level 4.7 Axes
 - Level 3.6 Armour
 - Level 3.6 Shields


You had 4 spell levels left.
You didn't know any spells.
Your spell library contained the following spells:

 Spells                   Type           Power      Damage    Failure   Level
 Freeze                   Ice            0%         1d3       95%         1
 Call Canine Familiar     Summ           0%         N/A       100%        3
 Frozen Ramparts          Ice            0%         1d1       100%        3
 Hailstorm                Conj/Ice       0%         3d3       100%        3
 Portal Projectile        Hex/Tloc       0%         N/A       100%        3
 Leda's Liquefaction      Hex/Erth       0%         N/A       100%        4


Dungeon Overview and Level Annotations

Branches:
Dungeon (4/15)
 Temple: D:4-7

Altars:
Trog
Vehumet
The Shining One


Innate Abilities, Weirdness & Mutations

You have a pair of horns on your head.
You reflexively headbutt those who attack you in melee.


Message History

The orc wizard is almost dead.
You slash the worm!
You kill the worm!
You hit the orc. You miss something. The orc barely misses you.
You furiously retaliate!
You headbutt the orc!
You kill the orc!
The orc wizard hits you but does no damage.
You hit the orc wizard.
You kill the orc wizard!
You closely miss the goblin. You miss something.
The goblin hits you but does no damage. Something hits you.
You have reached level 5!
You closely miss the orc priest. You hit the goblin but do no damage.
You miss something. You block the orc priest's attack. Something hits you.
* * * LOW HITPOINT WARNING * * *
The goblin hits you with a +0 club.
* * * LOW HITPOINT WARNING * * *
You barely miss something. You closely miss the orc priest. You hit the goblin.
You kill the goblin!
The orc priest hits you but does no damage.
Something hits you but does no damage. x2; You block the orc priest's attack.
Unknown command.
You miss something. You headbutt something! You barely miss the orc priest.
The orc priest hits you but does no damage.
Something hits you but does no damage.
You hit something. You slash the orc priest!
The orc priest hits you with a +0 hand axe.
* * * LOW HITPOINT WARNING * * *
Something hits you.
* * * LOW HITPOINT WARNING * * *
You hit something but do no damage. You barely miss the orc priest.
The orc priest invokes the aid of Beogh against you.
You barely resist. Something hits you but does no damage.
You closely miss something.
You hit the orc priest but do no damage.
The orc priest calls down the wrath of Beogh upon you.
You barely resist.
Something hits you but does no damage. x2
The orc priest mumbles some strange prayers to Beogh against you.
Pain shoots through your body!
You die...

#.. .. #####.
....####
.......#
#......#
##......#
##<.)....#
#..@{....#
#...o.....#
#.........#
#..........#
#..........#
...........<#
............##
##..........#


You could see an orc priest.

Vanquished Creatures
  Ijyb (D:3)
  An orc wizard (D:4)
  Robin (D:3)
  An adder (D:3)
  2 worms
  2 dart slugs
  2 orcs (D:4)
  3 bats
  4 endoplasms
  2 giant cockroaches
  11 goblins
  5 hobgoblins
  3 quokkas
  3 ball pythons (D:1)
  5 frilled lizards
  6 kobolds
  5 rats
57 creatures vanquished.

Notes
Turn   | Place    | Note
-------+----------+-------------------------------------------
     0 | D:1      | lonewolfV2 the Minotaur Fighter began the quest for the
                  | Orb.
     0 | D:1      | Reached XP level 1. HP: 19/19 MP: 0/0
   104 | D:1      | Reached skill level 4 in Fighting
   104 | D:1      | Reached XP level 2. HP: 27/27 MP: 1/1
   607 | D:2      | Reached XP level 3. HP: 25/34 MP: 2/2
  1447 | D:3      | Noticed Robin
  1448 | D:3      | Noticed Ijyb
  1460 | D:3      | Killed Robin
  1464 | D:3      | HP: 1/35 [Ijyb/+0 club (4)]
  1465 | D:3      | Killed Ijyb
  1466 | D:3      | Reached skill level 5 in Fighting
  1466 | D:3      | Reached XP level 4. HP: 2/42 MP: 0/3
  1717 | D:3      | Found a radiant altar of Vehumet.
  1814 | D:3      | Found a bloodstained altar of Trog.
  2027 | D:3      | Found a glowing golden altar of the Shining One.
  2262 | D:4      | Reached XP level 5. HP: 15/48 MP: 2/4
  2267 | D:4      | Killed from afar by an orc priest

Illustrated notes

Levels and vault maps discovered:
D:1:      ldierk_walled_garden_2, layout_rooms
D:2:      layout_loops_cross
D:3:      layout_basic, mainiacjoe_overflow_boulevard,
          nicolae_tso_swordbearing_angel, mainiacjoe_overflow_alcove_1,
          nicolae_goblin_pals
D:4:      layout_cave_pods, gammafunk_temple_overflow_claw,
          minmay_misc_feat_four_crosses, nicolae_shop_gadgets, uniq_duvessa

Skill      XL: |  1  2  3 |
---------------+----------+-----
Fighting       | 4 5 |  5.5
Axes           | 3 4 |  4.7
Armour         | |  3.6
Shields        | |  3.6

Action                     |  1- 3 |  4- 6 || total
---------------------------+-------+-------++-------
  Melee: War axe           |    87 |    30 ||   117
         Headbutt          |    10 |     3 ||    13
    Use: Scroll            |     7 |     4 ||    11
         Potion            |     2 |       ||     2
 Armour: Scale mail        |    26 |       ||    26
         Chain mail        |    27 |    23 ||    50
  Dodge: Dodged            |    38 |    10 ||    48
  Block: Buckler           |    19 |    11 ||    30
